 Dungeon Crawl Stone Soup version 0.21.1-1-g345015f (webtiles) character file.

263 inc the Skirmisher (level 5, 25/25 HPs)
             Began as a Felid Wizard on Mar 1, 2018.
             Was a Follower of Vehumet.
             Quit the game on level 4 of the Dungeon.
             The game lasted 00:08:31 (5221 turns).

inc the Skirmisher (Felid Wizard)                   Turns: 5221, Time: 00:08:31

Health: 25/25      AC:  2    Str:  3    XL:     5   Next: 97%
Magic:  10/11      EV: 20    Int: 20    God:    Vehumet [*.....]
Gold:   245        SH:  0    Dex: 15    Spells: 5/10 levels left
                                        Lives:  0   Deaths: 1

rFire    . . .     SeeInvis +   (weapon unavailable)
rCold    . . .     Gourm    .   (shield unavailable)
rNeg     . . .     Faith    .   (armour unavailable)
rPois    .         Spirit   .   (helmet unavailable)
rElec    .         Reflect  .   (cloak unavailable)
rCorr    .         Harm     .   (gloves unavailable)
MR       .....                  (boots unavailable)
Stlth    +++.......             (no amulet)
HPRegen  0.08/turn              (no ring)
MPRegen  0.12/turn              (no ring)

@: quick
A: very small, no armour, no weapons or thrown items, stealth, claws 1, fangs 3,
repulsion field 1, rugged brown scales 1, see invisible, carnivore, speed 1,
high mp 1, shaggy fur 1, slow metabolism 1, sharp paws
a: Renounce Religion


You were on level 4 of the Dungeon.
You worshipped Vehumet.
Vehumet was aware of your devotion.
You were not hungry.

You visited 1 branch of the dungeon, and saw 5 of its levels.

You collected 245 gold pieces.

Inventory:

Jewellery
 p - an uncursed amulet of inaccuracy
Wands
 t - a wand of digging (6)
 u - a wand of clouds (4)
Scrolls
 c - a scroll of remove curse
 e - 3 scrolls of enchant weapon
 f - 5 scrolls of teleportation
 g - a scroll of immolation {unknown}
 i - a scroll of random uselessness {unknown}
 j - a scroll of amnesia {unknown}
 m - a scroll of noise {unknown}
 n - a scroll of fog {unknown}
 o - a scroll of blinking {unknown}
 q - a scroll of magic mapping {unknown}
 v - a scroll of fear {unknown}
 x - a scroll of identify
Potions
 d - a potion of ambrosia
 h - a potion of heal wounds
 k - 3 potions of lignification
 l - a potion of invisibility {unknown}
 r - 2 potions of brilliance {unknown}
 s - a potion of might {unknown}
 w - a potion of degeneration {unknown}
Books
 a - a book of Minor Magic

   Spells                             Type                      Level
   a - Magic Dart                     Conjuration                  1
   b - Blink                          Translocation                2
   c - Call Imp                       Summoning                    2
   d - Slow                           Hexes                        2
   e - Conjure Flame                  Conjuration/Fire             3
   f - Mephitic Cloud                 Conjuration/Poison/Air       3
 y - a book of Misfortune

   Spells                             Type                      Level
   a - Confusing Touch                Hexes                        1
   b - Confuse                        Hexes                        3
   c - Gell's Gravitas                Translocation                3
   d - Petrify                        Transmutation/Earth          4
   e - Metabolic Englaciation         Hexes/Ice                    5
   f - Yara's Violent Unravelling     Hexes/Transmutation          5
Comestibles
 b - 8 rations


   Skills:
 - Level 4.5 Fighting
 - Level 2.6 Dodging
 - Level 2.6 Stealth
 + Level 0.0 Unarmed Combat
 - Level 3.0 Spellcasting
 - Level 4.1 Conjurations
   Level 1.0 Summonings
 - Level 1.5 Translocations


You had 5 spell levels left.
You knew the following spells:

 Your Spells              Type           Power        Failure   Level  Hunger
a - Magic Dart            Conj           ###.         2%          1    None
b - Blink                 Tloc           N/A          12%         2    ##.....
c - Sandblast             Erth           #.....       14%         1    None
d - Confusing Touch       Hex            #.....       14%         1    None


Dungeon Overview and Level Annotations

Branches:
Dungeon (5/15)
 Temple: D:4-7

Altars:
Vehumet

Annotations:
D:4 Natasha


Innate Abilities, Weirdness & Mutations

You cannot wear armour.
You are incapable of wielding weapons or throwing items.
Your paws allow you to move quietly. (Stealth)
You have sharp claws.
You have razor-sharp teeth.
You have supernaturally acute eyesight. (SInv)
You are carnivorous and can eat meat at any time.
You cover ground quickly.
You are covered in fur. (AC +1)
You have a slow metabolism.
Your sharp claws are effective at attacking unaware monsters.
You are surrounded by a mild repulsion field. (EV +2)
You are partially covered in rugged brown scales. (AC +1, +3% HP)
You have an increased reservoir of magic. (+10% MP)


Message History

The ogre is moderately wounded.
Casting: Magic Dart
Confirm with . or Enter, or press ? or * to list all spells.
You don't know that spell.
A centaur comes into view.
Found 13 gold pieces.
You hear a distant blaring wail to the north.
There is a stone staircase leading up here.
You climb upwards.
Level annotation: Natasha
There is a stone staircase leading down here.
You can't go up here!
Memorise Sandblast, consuming 1 spell level and leaving 6?
Vehumet grants you knowledge of Sandblast.
You start memorising the spell.
You continue memorising.
You finish memorising.
Spell assigned to 'c'.
Memorise Confusing Touch, consuming 1 spell level and leaving 5?
You start memorising the spell.
You continue memorising.
You finish memorising.
Spell assigned to 'd'.
Are you sure you want to abandon this character and quit the game? (Confirm with "yes".)

#
......##.##..................
####.%....
#.##..................
#.........
#..#..............####
#.########
##.#..............#### #l#
#.................... #.#
##......#######...... #.#
#............#...... l.#
#............#...... ###
#..@.........###....
#............# #....
#............# #...#
#......####### ##### #......#
#......# ########


There were no monsters in sight!

Vanquished Creatures
  The ghost of Goblin1989 the Cutter, an amateur DsEn (D:3)
  A hound (D:4)
  2 centaur skeletons (D:4)
  An orc wizard (D:4)
  An iguana (D:4)
  A worker ant (D:4)
  A worker ant zombie (D:4)
  4 adders
  2 worms
  3 dart slugs (D:4)
  11 orcs
  2 giant cockroaches
  6 goblins
  3 hobgoblins
  6 kobolds
  A quokka (D:4)
  6 bats
  8 frilled lizards
  A jackal skeleton (D:4)
  5 rats
66 creatures vanquished.

Notes
Turn   | Place    | Note
-------+----------+-------------------------------------------
     0 | D:1      | inc the Felid Wizard began the quest for the Orb.
     0 | D:1      | Reached XP level 1. HP: 7/7 MP: 5/5
    42 | D:1      | Reached skill level 1 in Conjurations
   370 | D:1      | Reached XP level 2. HP: 9/11 MP: 0/7
  1049 | D:1      | Reached XP level 3. HP: 14/14 MP: 5/8
  1560 | D:2      | Gained mutation: You are partially covered in rugged brown scales. (AC +1, +3% HP) [potion of mutation]
  1560 | D:2      | Gained mutation: You have an increased reservoir of magic. (+10% MP) [potion of mutation]
  1560 | D:2      | Gained mutation: You are surrounded by a mild repulsion field. (EV +2) [potion of mutation]
  2464 | D:3      | Found a radiant altar of Vehumet.
  2469 | D:3      | Became a worshipper of Vehumet
  2480 | D:3      | Reached XP level 4. HP: 13/18 MP: 2/10
  2917 | D:3      | Noticed Goblin1989's ghost (amateur DsEn)
  3384 | D:4      | Noticed Natasha
  4058 | D:3      | Killed Goblin1989's ghost
  4058 | D:3      | Reached XP level 5. HP: 13/23 MP: 1/11
  4346 | D:4      | Slain by a centaur skeleton
  4347 | D:4      | Reached XP level 4. HP: 0/20 MP: 0/10
  4420 | D:4      | Learned a level 2 spell: Blink
  4505 | D:4      | Reached XP level 5. HP: 17/25 MP: 1/11
  5010 | D:4      | Reached * piety under Vehumet
  5010 | D:4      | Offered knowledge of Sandblast by Vehumet.
  5185 | D:5      | Entered Level 5 of the Dungeon
  5194 | D:5      | Noticed an ogre
  5213 | D:5      | Noticed a centaur
  5219 | D:4      | Learned a level 1 spell: Sandblast
  5221 | D:4      | Learned a level 1 spell: Confusing Touch
  5221 | D:4      | Quit the game

Skill      XL: |  1  2  3  4  5 |
---------------+----------------+-----
Conjurations   | 1 2 3 4 |  4.1
Fighting       | 3 4 |  4.5
Dodging        | |  2.6
Stealth        | |  2.6
Spellcasting   | |  3.0
Summonings     | |  1.0
Translocations | |  1.5

Action                   |  1- 3 |  4- 6 || total
-------------------------+-------+-------++-------
Melee: Unarmed           |     1 |     1 ||     2
 Cast: Magic Dart        |   108 |   174 ||   282
  Use: Scroll            |     2 |     5 ||     7
       Potion            |     1 |       ||     1
 Stab: Sleeping          |       |     1 ||     1
  Eat: Chunk             |     1 |     6 ||     7
       Ration            |       |     1 ||     1
Armor: Skin              |     1 |     8 ||     9
Dodge: Dodged            |    15 |    40 ||    55
